 Dungeon Crawl Stone Soup version 0.30-a0-778-g2ef04afb54 (webtiles) character file.

Game seed: 2720121833457940930

3157 Newt the Thrower (level 9, -13/71 HPs)
             Began as a Demonspawn Gladiator on Feb 15, 2023.
             Was an Initiate of Gozag.
             Killed by the air
             ... invoked by Gastronok
              (27 damage)
             ... on level 8 of the Dungeon.
             The game lasted 00:14:05 (10377 turns).

Newt the Thrower (Demonspawn Gladiator)            Turns: 10377, Time: 00:14:05

Health: -13/71     AC:  9    Str: 24    XL:     9   Next: 62%
Magic:  9/9        EV: 12    Int: 10    God:    Gozag
Gold:   570        SH:  0    Dex: 15    Spells: 5/8 levels left

rFire   . . .      SeeInvis .    a - +2 rapier
rCold   . . .      Faith    .    (no shield)
rNeg    . . .      Spirit   .    y - +1 leather armour {rPois}
rPois   +          Reflect  .    c - +0 helmet
rElec   .          Harm     .    (no cloak)
rCorr   .          Rampage  .    (no gloves)
Will    +....                    g - +1 pair of boots
Stlth   ++                       (no amulet)
HPRegen 0.31/turn                B - +6 ring of strength
MPRegen 0.22/turn                p - ring of willpower

@: hasted, very quick
A: rugged brown scales 1, magic regeneration, weakness stinger 2
a: Renounce Religion, Potion Petition, Call Merchant, Bribe Branch


You were on level 8 of the Dungeon.
You worshipped Gozag.
Gozag was pleased with you.
You visited 2 branches of the dungeon, and saw 9 of its levels.

You collected 677 gold pieces.
You paid 107 gold pieces to Gozag.

Inventory:

Hand Weapons
 a - a +2 rapier (weapon)
 z - a +0 club
Missiles
 j - 4 poisoned darts (quivered)
Armour
 b - a +0 leather armour
 c - a +0 helmet (worn)
 g - a +1 pair of boots (worn)
 l - a +2 leather armour of cold resistance
 y - a +1 leather armour of poison resistance (worn)
Jewellery
 o - a ring of positive energy
 p - a ring of willpower (right hand)
 s - a ring of positive energy
 B - a +6 ring of strength (left hand)
 E - a ring of willpower
Wands
 e - a wand of digging (3)
 n - a wand of flame (16)
 C - a wand of polymorph (5)
 I - a wand of acid (6)
Scrolls
 h - 2 scrolls of teleportation
 m - 2 scrolls of blinking
 r - a scroll of amnesia
 w - a scroll of fear
 x - a scroll of immolation
 A - 2 scrolls of fog
 D - a scroll of vulnerability
 F - a scroll of silence
 J - a scroll of enchant weapon
Potions
 d - a potion of resistance
 f - a potion of magic
 i - 3 potions of flight
 q - a potion of haste
 t - 3 potions of degeneration
 u - 2 potions of cancellation
 v - a potion of invisibility {unknown}
 G - a potion of curing {unknown}
 H - a potion of lignification {unknown}
 K - a potion of attraction {unknown}


   Skills:
 - Level 6.0 Fighting
 - Level 4.0 Short Blades
 - Level 9.0 Throwing
 - Level 6.0 Armour
 - Level 2.6 Dodging
 - Level 1.5 Stealth
 + Level 0.3 Spellcasting
 + Level 0.3 Transmutations
 + Level 0.2 Fire Magic
 + Level 0.3 Poison Magic


You had 5 spell levels left.
You knew the following spells:

 Your Spells              Type           Power      Damage    Failure   Level
a - Ignite Poison         Fire/Tmut/Pois 0%         N/A       73%         3

Your spell library contained the following spells:

 Spells                   Type           Power      Damage    Failure   Level
 Cigotuvi's Dreadful Rot  Necr/Pois/Air  0%         N/A       52%         2
 Sticky Flame             Conj/Fire      0%         2d3       98%         4
 Dispel Undead            Necr           0%         3d6       99%         4
 Death Channel            Necr           0%         N/A       100%        6
 Ignition                 Fire           0%         3d3       100%        8


Dungeon Overview and Level Annotations

Branches:
Dungeon (8/15)             Temple (1/1) D:6
   Lair: D:8-11

Altars:
Ashenzari
Cheibriados
Dithmenos
Fedhas
Gozag
Hepliaklqana
Kikubaaqudgha
Makhleb
Nemelex Xobeh
Okawaru
Qazlal
Ru
Sif Muna
Trog
Uskayaw
Vehumet
Wu Jian
Xom
Yredelemnul

Shops:
D:6 *

Annotations:
D:8 Gastronok


Innate Abilities, Weirdness & Mutations

You are partially covered in rugged brown scales. (AC +1, +3% HP)
You regenerate magic rapidly.
You have a tail ending in a sharp stinger.


Message History

Press: ? - help, Q - select action, (/) - cycle Shift-Dir - straight line, f/p - Gastronok
Aim: Gastronok, wearing a +1 hat (moderately wounded, covering ground quickly, extremely poisoned, 94% to hit)
You throw a poisoned dart. The poisoned dart hits Gastronok!
Gastronok looks as sick as possible!
Gastronok is moderately wounded.
The bat closely misses you. The bat hits you but does no damage.
Okay, then.
Throw: 5 darts (poison)
Press: ? - help, Q - select action, (/) - cycle Shift-Dir - straight line, f/p - Gastronok
Aim: Gastronok, wearing a +1 hat (moderately wounded, covering ground quickly, extremely poisoned, 94% to hit)
You throw a poisoned dart. The poisoned dart hits Gastronok!
Gastronok looks as sick as possible!
Gastronok is moderately wounded.
The bat hits you but does no damage. Gastronok bites you!!
* * * LOW HITPOINT WARNING * * *
You feel much better. The bat misses you. The river rat completely misses you.
You hit Gastronok.
Gastronok is moderately wounded.
The bat barely misses you. The bat hits you but does no damage.
The river rat bites you.
You hit Gastronok.
Gastronok is moderately wounded.
The bat hits you but does no damage. Gastronok bites you!
* * * LOW HITPOINT WARNING * * *
The river rat closely misses you.
You hit Gastronok but do no damage. You tail-slap Gastronok!
Gastronok is heavily wounded.
The bat hits you.
* * * LOW HITPOINT WARNING * * *
You hit Gastronok. You tail-slap Gastronok!
Gastronok is heavily wounded.
The river rat bites you.
* * * LOW HITPOINT WARNING * * *
You hit Gastronok. You tail-slap Gastronok!
Gastronok is heavily wounded.
The bat hits you but does no damage.
Gastronok waves his eye-stalks in wide circles.
The air twists around and strikes you!!
You die...
Your body crumbles into a pile of gold.

##### ##.(.##
##...(.##
#.......#
#...(..[#
#...wr..#
#..@..#
##.b...##
#.......#
#.......#
#.......#
##.....######
##..........
#..########
##### ##.#


You could see Gastronok (swift, extremely poisoned), a river rat (summoned) and
a bat (summoned).

Vanquished Creatures
  Grinder (D:6)
  Sigmund (D:3)
  A steam dragon (D:4)
  Menkaure (D:6)
  Edmund (D:6)
  A black bear (D:5)
  2 ogres
  2 centaurs
  3 ice beasts
  A sky beast (D:7)
  A kobold brigand (D:6)
  4 bullfrogs
  2 necrophages
  A gnoll sergeant (D:7)
  2 scorpions
  The ghost of nono6 the Trooper, a weakling MiCK of Xom (D:4)
  5 killer bees
  6 hounds
  6 orc priests
  Jessica (D:3)
  2 iguanas
  Ijyb (D:3)
  Natasha (twice) (D:3)
  2 orc wizards (D:5)
  4 gnolls (D:7)
  6 adders
  2 white imps
  2 ufetubi (D:6)
  2 worms
  16 orcs
  4 endoplasms
  3 giant cockroaches
  3 goblins
  11 hobgoblins
  10 jackals
  4 quokkas
  7 ball pythons
  5 bats (D:1)
  4 frilled lizards
  15 kobolds
  6 rats
154 creatures vanquished.

Vanquished Creatures (collateral kills)
  A kobold (D:2)
1 creature vanquished.

Grand Total: 155 creatures vanquished

Notes
Turn   | Place    | Note
-------+----------+-------------------------------------------
     0 | D:1      | Newt the Demonspawn Gladiator began the quest for the Orb.
     0 | D:1      | Reached XP level 1. HP: 16/16 MP: 1/1
   250 | D:1      | Reached skill level 1 in Stealth
   491 | D:1      | Gained mutation: You have a small tail. [demonic ancestry]
   491 | D:1      | Reached XP level 2. HP: 22/22 MP: 2/2
  1154 | D:2      | Found a faded altar of an unknown god.
  1335 | D:2      | Gained mutation: You regenerate magic rapidly. [demonic
                  | ancestry]
  1335 | D:2      | Reached XP level 3. HP: 29/29 MP: 3/3
  1376 | D:2      | Found a sacrificial altar of Ru.
  1719 | D:2      | Reached XP level 4. HP: 37/37 MP: 4/4
  1794 | D:3      | Noticed Jessica
  1805 | D:3      | Killed Jessica
  1806 | D:3      | Reached skill level 2 in Throwing
  1895 | D:3      | Noticed Natasha
  1905 | D:3      | Killed Natasha
  2247 | D:3      | Reached skill level 3 in Throwing
  2255 | D:3      | Noticed Ijyb
  2256 | D:3      | Noticed Sigmund
  2321 | D:3      | Killed Ijyb
  2322 | D:3      | Gained mutation: You have a tail ending in a sharp stinger.
                  | [demonic ancestry]
  2322 | D:3      | Reached XP level 5. HP: 41/42 MP: 5/5
  2335 | D:3      | Killed Sigmund
  2336 | D:3      | Reached skill level 4 in Throwing
  2336 | D:3      | Gained mutation: You are partially covered in rugged brown
                  | scales. (AC +1, +3% HP) [demonic ancestry]
  2336 | D:3      | Reached XP level 6. HP: 42/49 MP: 6/6
  2564 | D:3      | Noticed Natasha
  2578 | D:3      | Killed Natasha
  2761 | D:4      | Reached skill level 5 in Throwing
  2900 | D:4      | Found a runed translucent gate.
  2900 | D:4      | Found a runed translucent gate.
  2900 | D:4      | Found a runed translucent gate.
  2901 | D:4      | Noticed nono6's ghost (weakling MiCK)
  3550 | D:4      | Noticed a steam dragon
  3568 | D:4      | Killed a steam dragon
  3569 | D:4      | Reached skill level 6 in Throwing
  3569 | D:4      | Reached XP level 7. HP: 8/55 MP: 7/7
  4356 | D:4      | Killed nono6's ghost
  4468 | D:5      | Entered Level 5 of the Dungeon
  4474 | D:5      | Reached skill level 1 in Armour
  4629 | D:5      | Reached XP level 8. HP: 11/61 MP: 8/8
  5401 | D:5      | Reached skill level 5 in Fighting
  6055 | D:6      | Found a staircase to the Ecumenical Temple.
  6231 | Temple   | Entered the Ecumenical Temple
  6405 | Temple   | Became a worshipper of Gozag Ym Sagoz the Greedy
  6841 | Temple   | Reached skill level 7 in Throwing
  7081 | D:6      | Noticed Grinder
  7094 | D:6      | Killed Grinder
  7095 | D:6      | Reached XP level 9. HP: 46/71 MP: 9/9
  7109 | D:6      | Noticed Menkaure
  7126 | Temple   | Reached skill level 8 in Throwing
  7445 | D:6      | Killed Menkaure
  8187 | D:6      | Found Cuxulus's Commerce Corner.
  8205 | D:6      | Noticed Edmund
  8220 | D:6      | Killed Edmund
  9057 | D:7      | Found a burning altar of Makhleb.
  9058 | D:7      | Found an iron altar of Okawaru.
  9066 | D:7      | Reached skill level 9 in Throwing
  9069 | D:7      | Found a bloodstained altar of Trog.
  9072 | D:7      | Found a snail-covered altar of Cheibriados.
  9073 | D:7      | Found a radiant altar of Vehumet.
  9174 | D:7      | Reached skill level 5 in Armour
  9650 | D:7      | Learned a level 3 spell: Ignite Poison
 10348 | D:8      | Noticed Gastronok
 10377 | D:8      | Killed from afar by Gastronok

Illustrated notes

Levels and vault maps discovered:
D:1:      heliophobic_arrival_henge, layout_loops_ring, serial_co_window_serial,
          co_window_paths_a, co_window_paths_b, co_window_paths_a,
          co_window_corner_a, co_window_paths_a, co_window_2corner,
          co_window_unsneaky_path_e, co_window_2corner, co_window_corner_ca,
          co_window_paths_d, glass_columns_a, chequers_serial_rivers_room_a
D:2:      layout_basic, shapermc_ecumenical_altar_acropolis, basic_altar
D:3:      layout_basic, uniq_ijyb, uniq_sigmund, uniq_jessica, uniq_natasha
D:4:      layout_layer_cave, gammafunk_ghost_split
D:5:      layout_cave_pools
D:6:      layout_gridville, minmay_temple_entry_trees, nicolae_alphabet_shops,
          uniq_grinder, uniq_edmund, uniq_menkaure
D:7:      layout_rooms, grunt_temple_overflow_open
D:8:      layout_rooms, kennysheep_generic_room_10, uniq_gastronok
Temple:   regret_index_temple_sphere_string

Skill      XL: |  1  2  3  4  5  6  7  8  9 |
---------------+----------------------------+-----
Stealth        | 1 |  1.5
Fighting       | 3 4 6 |  6.0
Throwing       | 3 4 6 7 9 |  9.0
Short Blades   | 3 4 |  4.0
Armour         | 4 6 |  6.0
Dodging        | |  2.6
Spellcasting   | |  0.3
Transmutations | |  0.3
Fire Magic     | |  0.2
Poison Magic   | |  0.3

Action                     |  1- 3 |  4- 6 |  7- 9 || total
---------------------------+-------+-------+-------++-------
  Melee: Rapier            |   114 |   171 |   350 ||   635
         Tailslap          |     9 |    17 |    50 ||    76
         Punch             |     1 |       |     4 ||     5
  Throw: Javelin           |       |     1 |       ||     1
         Throwing net      |       |     5 |     7 ||    12
         Boomerang         |       |    10 |    78 ||    88
         Dart              |       |       |    75 ||    75
  Evoke: Wand              |       |       |     2 ||     2
    Use: Scroll            |     8 |     5 |     7 ||    20
         Potion            |       |     2 |     7 ||     9
   Stab: Sleeping          |     5 |     1 |     1 ||     7
         Held in net/web   |       |     1 |     2 ||     3
         Distracted        |       |       |     1 ||     1
 Armour: Leather armour    |    47 |    69 |   204 ||   320
  Dodge: Dodged            |    86 |   133 |   330 ||   549

Table legend: (Time is in decaauts)
 A = Elapsed time spent in this place.
 B = Non-inter-level travel time spent in this place.
 C = Inter-level travel time spent in this place.
 D = Time resting spent in this place.
 E = Time spent auto-exploring this place.
 F = Levels seen in this place.
 G = Mean time per level.
                   A        B        C        D        E       F      G
               +--------+--------+--------+--------+--------+-----+--------+
         Total |  10339 |  10096 |    243 |   3504 |   5030 |   9 | 1148.8 |
       Dungeon |   9238 |   9025 |    213 |   2680 |   4873 |   8 | 1154.8 |
        Temple |   1100 |   1070 |     30 |    824 |    157 |   1 | 1100.0 |
               +--------+--------+--------+--------+--------+-----+--------+

Top non-repeatable levels by time:
     D:6: 2244 daAuts
     D:4: 1643 daAuts
     D:7: 1222 daAuts
     D:5: 1193 daAuts
     D:1: 1140 daAuts
  Temple: 1100 daAuts
     D:3: 1067 daAuts
     D:2: 600 daAuts
     D:8: 127 daAuts
